 Dungeon Crawl Stone Soup version 0.24.0-123-gd5b16e6ec5 (webtiles) character file.

Game seed: 11230700337921002101, levelgen mode: deterministic

30214 Johnny the Geomancer (level 12, -2/81 HPs)
             Began as a Demigod Earth Elementalist on Jan 30, 2020.
             Splashed by an acid dragon's acid (14 damage)
             ... on level 15 of the Dungeon.
             The game lasted 00:30:26 (16420 turns).

Johnny the Geomancer (Demigod Earth Elementalist)  Turns: 16420, Time: 00:30:26

Health: -2/81      AC:  9    Str: 14    XL:     12   Next: 89%
Magic:  11/32      EV:  9    Int: 30    God:
Gold:   744        SH: 23    Dex: 16    Spells: 21/34 levels left

rFire    . . .     SeeInvis .   m - +0 whip (elec)
rCold    + . .     Gourm    .   q - +0 large shield
rNeg     . . .     Faith    .   K - +3 leather armour "Haecaet" {MR+}
rPois    .         Spirit   .   V - +2 helmet {Int+3}
rElec    .         Reflect  +   n - +2 cloak
rCorr    .         Harm     .   k - +0 pair of gloves
MR       ++...                  (no boots)
Stlth    ++........             b - +6 amulet of reflection
HPRegen  0.23/turn              E - +3 ring of strength
MPRegen  0.23/turn              c - ring of protection from cold

@: corroded, hasted, very quick
A: high mp 1
a: no special abilities


You were on level 15 of the Dungeon.
You were not hungry.

You visited 1 branch of the dungeon, and saw 15 of its levels.

You collected 928 gold pieces.
You spent 184 gold pieces at shops.

Inventory:

Hand Weapons
 m - a +0 whip of electrocution (weapon)
Missiles
 F - 39 stones (quivered)
Armour
 k - a +0 pair of gloves (worn)
 n - a +2 cloak (worn)
 q - a +0 large shield (worn)
 x - the +2 robe of the Shining Light {rElec}
   (You found it on level 6 of the Dungeon)

   It insulates you from electricity.
 K - the +3 leather armour "Haecaet" (worn) {MR+}
   (You found it on level 10 of the Dungeon)

   It affects your resistance to hostile enchantments.
 V - a +2 helmet of intelligence (worn)
Magical Staves
 I - an uncursed staff of wizardry {unknown}
 O - an uncursed staff of air {unknown}
Jewellery
 b - a +6 amulet of reflection (around neck)
 c - a ring of protection from cold (right hand)
 t - an uncursed ring of stealth
 E - a +3 ring of strength (left hand)
 H - an uncursed ring of fire
 P - an uncursed ring of ice
 T - an uncursed amulet of faith {unknown}
Wands
 y - a wand of paralysis (10)
 J - a wand of random effects (9)
 Q - a wand of clouds (4)
 U - a wand of disintegration (13)
Scrolls
 e - a scroll of enchant armour
 f - 5 scrolls of remove curse
 g - 4 scrolls of amnesia
 h - 4 scrolls of teleportation
 i - 2 scrolls of blinking
 o - 3 scrolls of fog {unknown}
 p - 3 scrolls of immolation
 s - 5 scrolls of magic mapping
 v - 2 scrolls of enchant weapon {unknown}
 z - a scroll of vulnerability
 N - a scroll of torment
 S - a scroll of random uselessness {unknown}
Potions
 j - 4 potions of flight {unknown}
 l - 2 potions of berserk rage {unknown}
 r - a potion of brilliance {unknown}
 u - 3 potions of mutation
 w - 2 potions of agility {unknown}
 A - 2 potions of curing
 B - a potion of magic {unknown}
 C - 2 potions of lignification {unknown}
 D - 2 potions of might
 G - 13 potions of degeneration
 M - 3 potions of heal wounds
 R - a potion of cancellation {unknown}
Comestibles
 d - 24 rations
 W - a chunk of flesh


   Skills:
 - Level 1.7 Dodging
 - Level 1.7 Stealth
 + Level 11.2 Shields
 + Level 11.5 Spellcasting
 - Level 0.8 Transmutations
 + Level 12.5 Earth Magic


You had 21 spell levels left.
You knew the following spells:

 Your Spells              Type           Power        Failure   Level  Hunger
a - Sandblast             Erth           ######       1%          1    None
b - Stone Arrow           Conj/Erth      ######       5%          3    None
c - Lee's Rapid Deconstr  Erth           #######...   3%          5    ##.....
d - Petrify               Tmut/Erth      ######..     14%         4    None

Your spell library contained the following spells:

 Spells                   Type           Power        Failure   Level  Hunger
 Passwall                 Tmut/Erth      ######..     2%          2    None
 Leda's Liquefaction      Hex/Erth       ######....   17%         4    None
 Corona                   Hex            ###....      22%         1    None
 Flame Tongue             Conj/Fire      ###..        22%         1    None
 Slow                     Hex            ###.....     34%         2    None
 Inner Flame              Hex/Fire       ###.....     56%         3    None
 Portal Projectile        Hex/Tloc       ###...       56%         3    None
 Cause Fear               Hex            ###.......   92%         4    None
 Bolt of Fire             Conj/Fire      ###.......   100%        6    #####..
 Dragon Form              Tmut           ###.......   100%        7    ######.
 Dragon's Call            Summ           ###.......   100%        9    #######


Dungeon Overview and Level Annotations

Branches:
Dungeon (15/15)            Temple (0/1) D:7            Lair (0/6) D:8
    Orc (0/2) D:11         Vaults (0/5) D:13         Depths (0/5) D:15

Shops:
D:14 [

Annotations:
D:3 3 runed translucent doors, Crazy Yiuf; spacerossing's ghost, amateur BaFi


Innate Abilities, Weirdness & Mutations

You have an increased reservoir of magic. (+10% MP)


Message History

The splash of acid hits you!
You are splashed with acid!
* * * LOW HITPOINT WARNING * * *
The steam dragon hisses angrily.
You hear a shout!
Unknown command.
As you read the scroll of fear, it crumbles to dust.
You assume a fearsome visage.
The steam dragon looks frightened!
The centaur warrior skeleton is unaffected.
The two-headed ogre looks frightened!
The acid dragon looks frightened!
As you read the scroll of magic mapping, it crumbles to dust.
You feel aware of your surroundings.
You sensed 1 altar.
A centaur warrior skeleton comes into view.
The two-headed ogre cries, "Help!"
You feel yourself speed up.
You block the centaur warrior skeleton's attack.
You open the door. The acid dragon spits acid at you.
The splash of acid hits you.
* * * LOW HITPOINT WARNING * * *
The acid corrodes you!
You are splashed with acid!
You die...

*,,,,,****,******************'*'
*,,,,,,,,,,...,,,,,,,,,,,,,,,,,,
*,,,,,,,,,,,..*****,,,***,***,**
*********##.*#.#* *,,,***'***,,,
,,,,,,,,,...##..* *,,,,,,,,,,,**
***,,,,,,.......## *,,,,,,,,,,,*
*,,,,,,........# *,,,,,,,,,,,**
*,,,,,,D.....#'###,,,,,,,,,,,*,
*,,,,,,.......@..#,,,,,,,,,,,',
*,,,,,,......ZZ..#,,,,,,,,,,,**
*,,,,,,..........#***,,,,,,,,*
*,,,,,,..........# ****'*****
*******#####.....## *,,,,******
***########..# *,,,,*,,,,,
*,,.......##.# *,,,,*,,,,,
********,,....O..*#.#
*,,,,*,,,,,
,,,,,,,,,,.......##.#
*,,,,,,,,,,


You could see an acid dragon and 2 centaur warrior skeletons.

Vanquished Creatures
  Erolcha (D:10)
  An ogre mage (D:15)
  8 two-headed ogres
  4 skeletal warriors (D:13)
  2 unseen horrors
  An orc knight (D:12)
  A harpy (shapeshifter) (D:13)
  A deep elf mage (D:14)
  4 ugly things
  3 manticores
  A salamander (D:15)
  A moth of wrath (shapeshifter) (D:13)
  2 centaur zombies
  3 kobold demonologists
  A queen bee (D:13)
  2 trolls
  3 hippogriffs
  A shadow (D:14)
  3 wraiths
  10 yaks
  A wyvern (D:12)
  2 steam dragons (D:11)
  A hungry ghost (D:9)
  7 vampire mosquitoes
  A soldier ant (shapeshifter) (D:13)
  2 acid dragons
  7 orc warriors
  A swamp drake (D:11)
  4 sky beasts
  A phantom (D:9)
  A necrophage (D:8)
  3 ice beasts (D:12)
  A black bear (D:9)
  A wolf (D:8)
  7 ogres
  5 centaurs
  4 big kobolds
  11 bullfrogs
  2 gnoll sergeants
  3 scorpions
  4 wights (D:8)
  33 killer bees
  3 electric eels (D:8)
  A howler monkey (D:8)
  10 crimson imps
  4 jellies
  A quasit (D:13)
  2 bullfrog skeletons
  A centaur skeleton (D:9)
  11 hounds
  11 orc priests
  4 iguanas
  12 orc wizards
  Natasha (thrice) (D:3)
  8 worker ants
  A hound zombie (D:6)
  A hound skeleton (D:4)
  A worker ant zombie (D:8)
  9 gnolls
  11 adders
  3 shadow imps
  3 oozes
  5 worms
  3 dart slugs (D:2)
  6 leopard geckos
  69 orcs
  2 bats (D:2)
  3 giant cockroaches
  4 goblins
  10 hobgoblins
  5 jackals
  6 quokkas
  3 frilled lizards
  A giant cockroach zombie (D:5)
  23 kobolds
  A leopard gecko skeleton (D:5)
  3 rats
399 creatures vanquished.

Vanquished Creatures (others)
  A centaur warrior (D:13)
  2 cyclopes
  A centaur (D:13)
4 creatures vanquished.

Grand Total: 403 creatures vanquished

Notes
Turn   | Place    | Note
-------+----------+-------------------------------------------
     0 | D:1      | Johnny the Demigod Earth Elementalist began the quest for
                  | the Orb.
     0 | D:1      | Reached XP level 1. HP: 14/14 MP: 5/5
   315 | D:2      | Reached skill level 3 in Earth Magic
   315 | D:2      | Reached XP level 2. HP: 20/20 MP: 3/7
   746 | D:2      | Reached XP level 3. HP: 26/26 MP: 7/9
  1301 | D:2      | Reached XP level 4. HP: 33/33 MP: 9/11
  1511 | D:3      | Noticed Natasha
  1527 | D:3      | Killed Natasha
  1527 | D:3      | Reached skill level 4 in Earth Magic
  1656 | D:3      | Reached XP level 5. HP: 13/38 MP: 3/13
  1918 | D:3      | Noticed Natasha
  1941 | D:3      | Killed Natasha
  2095 | D:3      | Found a runed translucent door.
  2162 | D:3      | Found a sacrificial altar of Ru.
  2211 | D:3      | Found a shadowy altar of Dithmenos.
  2305 | D:3      | Learned a level 3 spell: Stone Arrow
  2390 | D:3      | Noticed Natasha
  2395 | D:3      | Killed Natasha
  2530 | D:3      | Found a runed translucent door.
  2531 | D:3      | Noticed Crazy Yiuf
  2720 | D:3      | Found a runed translucent door.
  2875 | D:3      | Noticed spacerossing's ghost (amateur BaFi)
  3051 | D:5      | Entered Level 5 of the Dungeon
  3343 | D:4      | Reached XP level 6. HP: 42/45 MP: 11/15
  3467 | D:4      | Reached skill level 5 in Earth Magic
  3568 | D:4      | You fall into a shaft and drop 2 floors!
  3737 | D:6      | Reached XP level 7. HP: 28/50 MP: 8/17
  4048 | D:6      | Reached skill level 5 in Spellcasting
  4067 | D:6      | Got a smoking robe
  4078 | D:6      | Identified the +2 robe of the Shining Light {rElec} (You
                  | found it on level 6 of the Dungeon)
  4161 | D:5      | Found a bloodstained altar of Trog.
  4220 | D:5      | Reached skill level 6 in Earth Magic
  4539 | D:5      | Reached skill level 1 in Shields
  5176 | D:6      | Found a sparkling altar of Nemelex Xobeh.
  5332 | D:7      | Found a shattered altar of Ashenzari.
  5402 | D:7      | Reached XP level 8. HP: 48/57 MP: 13/20
  5765 | D:7      | Reached skill level 7 in Earth Magic
  5802 | D:7      | Found a staircase to the Ecumenical Temple.
  6634 | D:8      | Reached XP level 9. HP: 46/62 MP: 7/23
  6719 | D:8      | Reached skill level 8 in Earth Magic
  6738 | D:8      | Reached skill level 5 in Shields
  6843 | D:8      | Found a staircase to the Lair.
  7225 | D:8      | Learned a level 5 spell: Lee's Rapid Deconstruction
  7230 | D:8      | Learned a level 4 spell: Petrify
  8142 | D:9      | Found an opulent altar of Gozag.
  8442 | D:9      | Reached skill level 9 in Earth Magic
  8443 | D:9      | Reached XP level 10. HP: 52/69 MP: 10/26
  9069 | D:10     | Entered Level 10 of the Dungeon
  9069 | D:10     | Noticed a two-headed ogre
  9238 | D:10     | Noticed Erolcha
  9242 | D:10     | Killed Erolcha
  9386 | D:10     | Killed a two-headed ogre
  9396 | D:10     | Got a faintly humming leather armour
  9416 | D:9      | Identified the +3 leather armour "Haecaet" {MR+} (You found
                  | it on level 10 of the Dungeon)
 10052 | D:11     | Reached skill level 10 in Earth Magic
 10270 | D:11     | Noticed a manticore
 10276 | D:11     | Killed a manticore
 10276 | D:11     | Reached XP level 11. HP: 50/74 MP: 2/28
 10920 | D:11     | Noticed a two-headed ogre
 10924 | D:11     | Killed a two-headed ogre
 11025 | D:11     | Found a staircase to the Orcish Mines.
 11820 | D:12     | Noticed a two-headed ogre
 11827 | D:12     | Killed a two-headed ogre
 12239 | D:12     | Killed an unseen horror
 12239 | D:12     | Reached skill level 10 in Spellcasting
 12369 | D:12     | Noticed an orc knight
 12780 | D:12     | Killed an orc knight
 12780 | D:12     | Reached skill level 11 in Earth Magic
 13250 | D:13     | Noticed a centaur warrior
 14164 | D:13     | Found a gate to the Vaults.
 14164 | D:13     | Noticed an ice dragon
 14167 | D:13     | an ice dragon changed into a slime creature
 14169 | D:13     | Noticed a skeletal warrior
 14373 | D:13     | Noticed a harpy
 14376 | D:13     | Killed a harpy
 14509 | D:13     | Reached XP level 12. HP: 81/81 MP: 25/31
 14563 | D:13     | Reached skill level 10 in Shields
 15010 | D:13     | Killed a centaur warrior
 15436 | D:14     | Reached skill level 12 in Earth Magic
 15898 | D:14     | Found Zeelac's Armour Shop.
 15911 | D:14     | Bought a +0 helmet of intelligence for 184 gold pieces
 16157 | D:15     | Entered Level 15 of the Dungeon
 16340 | D:15     | Noticed a dire elephant
 16407 | D:15     | Noticed a centaur warrior
 16420 | D:15     | Splashed by an acid dragon's acid

Levels and vault maps discovered:
D:1:      ncdulo_watergridlock, layout_basic
D:2:      layout_basic
D:3:      layout_loops_ring, nicolae_dithmenos_through_a_glass_darkly,
          old_standard_altar, first_ration, ebering_ghost_sewer_f,
          minmay_quadrilaterals, uniq_natasha, uniq_crazy_yiuf_cottage
D:4:      minmay_evil_eye, layout_basic, gammafunk_temple_overflow_wave,
          kennysheep_generic_room_8
D:5:      layout_loops_corners, kennysheep_mini
D:6:      layout_loops_ring, nemelex_spade_bored_becter
D:7:      layout_basic, nicolae_overflow_crystal_walls, minmay_temple_entry_grid
D:8:      layout_basic, erik_lair_island
D:9:      layout_long_grid, nicolae_gozag_cash_rules_everything_around_me
D:10:     layout_cross, uniq_erolcha
D:11:     layout_stronghold, erik_orc_1
D:12:     cheibrodos_orc_bank, layout_rooms
D:13:     layout_irregular_city, david_vaults_2, david_nohive_1
D:14:     layout_loops_cross, minmay_tree_intersection, serial_shops, shop
D:15:     hangedman_depths_entry_try_elsewhere_first, layout_basic,
          fedhas_altar_2, uniq_agnes

Skill      XL: |  1  2  3  4  5  6  7  8  9 10 11 12 |
---------------+-------------------------------------+-----
Spellcasting   | 2 3 4 5 6 8 9 10 11 | 11.5
Earth Magic    | 3 4 5 6 7 9 10 11 12 | 12.5
Shields        | 2 4 6 8 9 11 | 11.2
Dodging        | |  1.7
Stealth        | |  1.7
Transmutations | |  0.8

Action                   |  1- 3 |  4- 6 |  7- 9 | 10-12 || total
-------------------------+-------+-------+-------+-------++-------
Melee: Unarmed           |       |     2 |       |       ||     2
       Whip              |       |    22 |   265 |   165 ||   452
 Cast: Sandblast         |    51 |    75 |    93 |   139 ||   358
       Stone Arrow       |       |    14 |    26 |    48 ||    88
       Lee's Rapid Decon |       |       |    12 |   118 ||   130
       Petrify           |       |       |       |     7 ||     7
Evoke: Wand              |       |       |       |    23 ||    23
  Use: Potion            |     1 |     2 |     5 |     1 ||     9
       Scroll            |       |       |     5 |    15 ||    20
 Stab: Sleeping          |       |     2 |    10 |     3 ||    15
       Distracted        |       |     1 |       |       ||     1
       Paralysed         |       |       |       |     6 ||     6
  Eat: Chunk             |       |     9 |    17 |    23 ||    49
       Ration            |       |       |       |     6 ||     6
Armor: Robe              |     6 |     9 |   116 |     5 ||   136
       Leather armour    |       |       |       |    78 ||    78
Dodge: Dodged            |    18 |    36 |   194 |    96 ||   344
Block: Buckler           |       |       |     8 |   140 ||   148
       Large shield      |       |       |       |    95 ||    95
       Reflection        |       |       |       |    24 ||    24
